 Dungeon Crawl Stone Soup version 0.26.0-45-g9c1d065592 (webtiles) character file.

Game seed: 12658929352175184568

(classic levelgen) 9627 thiole the Covert (level 11, -6/96 HPs)
             Began as an Octopode Hedge Wizard on Feb 1, 2021.
             Was an Initiate of Gozag.
             Mangled by a boulder beetle (17 damage)
             ... on level 11 of the Dungeon.
             The game lasted 00:47:59 (15023 turns).

thiole the Covert (Octopode Hedge Wizard)          Turns: 15023, Time: 00:47:59

Health: -6/96      AC: 25    Str:  9    XL:     11   Next: 49%
Magic:  29/29      EV:  2    Int: 26    God:    Gozag
Gold:   218        SH:  7    Dex: 18    Spells: 15/23 levels left

rFire    + + +     SeeInvis .   r - +5 hand axe of Income {vorpal, rF++ MP+9}
rCold    + . .     Faith    .   y - +2 buckler
rNeg     + + +     Spirit   .   (helmet currently unavailable)
rPois    +         Reflect  .   l - amulet of regeneration
rElec    +         Harm     .   a - ring of flight
rCorr    +         Rampage  .   g - ring of positive energy
Will     .....     NoTele   +   i - +6 ring of intelligence
Stlth    +++++.....             c - ring of positive energy
HPRegen  0.66/turn              p - ring of poison resistance
MPRegen  0.21/turn              z - +6 ring of dexterity
                                (no ring)
                                (no ring)

@: mighty, brilliant, tree-form, resistant
A: almost no armour, stealthy swim, (amphibious), 8 rings, (constrict 8), frail
1
a: End Transformation, Renounce Religion, Potion Petition, Call Merchant, Bribe
Branch


You were on level 11 of the Dungeon.
You worshipped Gozag.
Gozag was aware of your devotion.
You were a tree.
You visited 2 branches of the dungeon, and saw 12 of its levels.
You also visited: Sewer and Bailey.

You collected 1887 gold pieces.
You spent 314 gold pieces at shops.
You paid 1355 gold pieces to Gozag.

Inventory:

Hand Weapons
 n - a +3 dagger of draining
 r - the +5 hand axe of Income (weapon) {vorpal, rF++ MP+9}
   (You found it in a bailey)

   It inflicts extra damage upon your enemies.
   It greatly protects you from fire.
   It affects your magic capacity (+9).
Missiles
 P - 44 poisoned darts
Armour
 b - a +2 hat (melded)
 y - a +2 buckler (worn)
Magical Staves
 h - an uncursed staff of earth
Jewellery
 a - a ring of flight (left branch)
 c - a ring of positive energy (on tentacle)
 g - a ring of positive energy (right branch)
 i - a +6 ring of intelligence (on tentacle)
 l - an amulet of regeneration (around neck)
 p - a ring of poison resistance (on tentacle)
 w - an uncursed amulet of guardian spirit
 z - a +6 ring of dexterity (on tentacle)
 B - an uncursed ring of ice
Wands
 e - a wand of digging (6)
 o - a wand of iceblast (2)
 E - a wand of flame (24)
 J - a wand of acid (6)
 O - a wand of polymorph (9)
Scrolls
 j - 8 scrolls of teleportation
 m - 4 scrolls of amnesia
 s - 2 scrolls of immolation
 K - 3 scrolls of magic mapping
 L - a scroll of holy word
 M - a scroll of vulnerability {unknown}
 N - a scroll of remove curse
Potions
 d - a potion of mutation
 f - 5 potions of curing
 k - 2 potions of haste
 q - 6 potions of might
 t - a potion of brilliance
 u - 3 potions of magic
 v - a potion of flight
 x - 3 potions of lignification
 C - 3 potions of berserk rage {unknown}
 F - 2 potions of degeneration {unknown}
 G - 3 potions of ambrosia {unknown}


   Skills:
 - Level 6.0 Fighting
 - Level 5.2 Short Blades
 - Level 8.0 Dodging
 - Level 10.0 Stealth
 - Level 4.0 Shields
 + Level 6.5 Spellcasting
 - Level 3.0 Conjurations
 - Level 3.0 Hexes
 - Level 4.0 Summonings
 - Level 1.0 Translocations
 - Level 5.0 Air Magic
 - Level 4.0 Earth Magic
 - Level 3.0 Poison Magic


You had 15 spell levels left.
You knew the following spells:

 Your Spells              Type           Power        Failure   Level
a - Magic Dart            Conj           100%         1%          1
b - Call Imp              Summ           43%          1%          2
c - Slow                  Hex            36%          3%          2
d - Mephitic Cloud        Conj/Pois/Air  41%          4%          3

Your spell library contained the following spells:

 Spells                   Type           Power        Failure   Level
 Blink                    Tloc           N/A          7%          2
 Conjure Flame            Conj/Fire      24%          11%         3


Dungeon Overview and Level Annotations

Branches:
Dungeon (11/15)            Temple (1/1) D:5            Lair (0/6) D:10
  Sewer (visited)          Bailey (visited)
    Orc: D:9-12

Altars:
Ashenzari
Cheibriados
Dithmenos
Elyvilon
Fedhas
Gozag
Hepliaklqana
Kikubaaqudgha
Makhleb
Nemelex Xobeh
Okawaru
Qazlal
Ru
Sif Muna
Trog
Uskayaw
Vehumet
Wu Jian
Xom
Yredelemnul
Zin
The Shining One

Shops:
D:4 *   D:7 !   D:8 *   D:9 ?

Annotations:
D:9 2 transporters, thiole's ghost, novice OpWz


Innate Abilities, Weirdness & Mutations

You cannot wear most types of armour.
You are very stealthy in the water. (Stealth+)
((You are amphibious.))
You can wear up to eight rings at the same time.
((You can use your tentacles to constrict eight enemies at once.))
((Your skin changes colour to match your surroundings (Stealth+).))
((Your rubbery body absorbs attacks. (AC +1, EV +1)))
((You are partially covered in iridescent scales. (AC +2)))
You are frail. (-10% HP)


Message History

The boulder beetle bites you!
* * * LOW HITPOINT WARNING * * *
You hit the boulder beetle but do no damage.
The boulder beetle is moderately wounded.
The boulder beetle bites you!!
* * * LOW HITPOINT WARNING * * *
[a] - 484 gold - heal wounds, berserk rage, invisibility and might [b] - 240 gold - might and brilliance [c] - 990 gold - haste, heal wounds, resistance and invisibility Purchase which effect?
You don't have enough gold for that! [a] - 484 gold - heal wounds, berserk rage, invisibility and might [b] - 240 gold - might and brilliance [c] - 990 gold - haste, heal wounds, resistance and invisibility Purchase which effect?
You no longer have enough gold to petition Gozag for potion effects.
You feel mightier all of a sudden.
You feel more clever all of a sudden. The boulder beetle bites you!
You die...
Your body crumbles into a pile of gold.

###**### #..,,..#
#.####.# ####****
#.#....# #..,,,,,
#.#.##.# #.#*,*,*
#..Y..Y######.##.#,*
###B##.$.5.......#,*
#♣#########.####,*
#.###*****#.#***,,
#...#*,,,,...,,,,,
###.#*,,,,Y..#,*,,
#######.#*,,,...B.,*$,
#.......#*,,,....##***
#.#####.#*,,......,*,,
#.#####.#*,,,,,,,*,*,*
#.##....#*,,,,,,,*,,,*


You could see a boulder beetle and an ice beast.

Vanquished Creatures
  A two-headed ogre (D:8)
  An orc knight (Bailey)
  An ugly thing (D:11)
  A centaur zombie (D:10)
  2 hornets
  Sigmund (D:5)
  A wyvern (D:11)
  A wraith (D:10)
  6 yaks (D:10)
  2 wargs (D:10)
  Menkaure (D:5)
  A soldier ant (D:11)
  A water moccasin (Sewer)
  Purgy (D:3)
  A black bear (D:10)
  21 orc warriors
  2 phantoms
  2 ogres
  A sky beast (D:9)
  6 centaurs
  Blork the orc (D:4)
  7 bullfrogs
  A wyvern skeleton (D:10)
  6 scorpions
  An electric eel (D:10)
  3 howler monkeys
  4 bullfrog zombies
  8 hounds
  7 orc priests
  A centaur skeleton (D:4)
  4 iguanas
  8 worker ants
  15 orc wizards
  A hound zombie (D:10)
  A hound skeleton (D:6)
  A worker ant zombie (D:7)
  9 adders
  3 shadow imps
  2 white imps
  An ufetubus (D:7)
  An adder skeleton (D:4)
  An adder zombie (D:5)
  2 worms
  4 leopard geckos
  59 orcs
  9 giant cockroaches
  3 hobgoblins
  8 jackals
  3 quokkas
  6 bats
  7 frilled lizards
  4 goblins
  12 kobolds
  A leopard gecko skeleton (D:7)
  A quokka skeleton (D:6)
  6 rats
265 creatures vanquished.

Vanquished Creatures (collateral kills)
  A troll (D:10)
  A wraith (D:10)
  2 wargs (D:10)
  2 bullfrogs
  A jelly (D:7)
  A centaur skeleton (D:10)
  An orc wizard (D:10)
  2 worker ants
  2 adders
  An orc (D:4)
  A giant cockroach (D:4)
15 creatures vanquished.

Vanquished Creatures (others)
  16 fungi (D:10)
  18 plants
34 creatures vanquished.

Grand Total: 314 creatures vanquished

Notes
Turn   | Place    | Note
-------+----------+-------------------------------------------
     0 | D:1      | thiole the Octopode Hedge Wizard began the quest for the
                  | Orb.
     0 | D:1      | Reached XP level 1. HP: 11/11 MP: 4/4
   399 | D:1      | Reached XP level 2. HP: 17/17 MP: 3/6
  1004 | D:1      | Reached XP level 3. HP: 7/21 MP: 0/7
  2011 | D:2      | Found a basalt altar of Yredelemnul.
  2221 | D:3      | Learned a level 2 spell: Call Imp
  2224 | D:3      | Learned a level 2 spell: Slow
  2255 | D:3      | Reached XP level 4. HP: 27/27 MP: 4/8
  2354 | D:3      | Found a faded altar of an unknown god.
  2625 | D:3      | Noticed Purgy
  2644 | D:3      | Killed Purgy
  2645 | D:3      | Reached XP level 5. HP: 22/31 MP: 4/10
  3104 | D:3      | Found a glowing silver altar of Zin.
  3499 | D:4      | Found Rymu Alu's General Store.
  3507 | D:4      | Reached XP level 6. HP: 36/36 MP: 12/12
  3622 | D:4      | Reached skill level 5 in Spellcasting
  3636 | D:4      | Reached skill level 3 in Stealth
  3649 | D:4      | Reached skill level 4 in Stealth
  3767 | D:4      | Found a glowing drain.
  3769 | D:4      | Noticed Blork the orc
  3780 | D:4      | Killed Blork the orc
  3800 | D:4      | Reached XP level 7. HP: 36/41 MP: 2/14
  3805 | D:4      | Reached skill level 5 in Stealth
  3811 | Sewer    | Entered a sewer
  4265 | D:4      | Reached skill level 1 in Hexes
  4311 | D:4      | Found a sparkling altar of Nemelex Xobeh.
  4765 | D:5      | Entered Level 5 of the Dungeon
  5054 | D:5      | Found a blossoming altar of Fedhas.
  5054 | D:5      | Noticed Sigmund
  5114 | D:5      | Found a staircase to the Ecumenical Temple.
  5121 | Temple   | Entered the Ecumenical Temple
  5351 | D:5      | Found a hide-covered altar of Uskayaw.
  5385 | D:5      | Reached XP level 8. HP: 46/46 MP: 7/15
  5737 | D:5      | Killed Sigmund
  5738 | D:5      | Reached skill level 6 in Stealth
  6226 | D:5      | Noticed Menkaure
  6236 | D:5      | Killed Menkaure
  6752 | D:6      | Noticed a hornet
  6765 | D:6      | Reached skill level 1 in Poison Magic
  6769 | D:6      | Paralysed by a hornet for 1 turns
  6774 | D:6      | Killed a hornet
  7010 | D:6      | Reached skill level 1 in Earth Magic
  7010 | D:6      | Reached XP level 9. HP: 56/56 MP: 9/16
  7256 | D:6      | Learned a level 3 spell: Mephitic Cloud
  8357 | D:7      | Found a white marble altar of Elyvilon.
  8448 | D:7      | Found Wipaprus's Distillery.
  8633 | D:7      | Found a snail-covered altar of Cheibriados.
  9204 | D:8      | Found a glowing silver altar of Zin.
  9380 | D:8      | Reached skill level 5 in Fighting
  9568 | D:8      | Found an opulent altar of Gozag.
  9576 | D:8      | Became a worshipper of Gozag Ym Sagoz the Greedy
  9846 | D:8      | Found Kiuqaxod's Assorted Antiques.
  9863 | D:8      | Noticed a two-headed ogre
 10376 | D:9      | Found Guut's Magic Scroll Shoppe.
 10391 | D:9      | Reached skill level 7 in Stealth
 10406 | D:9      | Reached XP level 10. HP: 55/68 MP: 6/19
 10421 | D:9      | Bought a scroll of identify for 30 gold pieces
 10421 | D:9      | Bought a scroll of magic mapping for 52 gold pieces
 10421 | D:9      | Bought a scroll of identify for 30 gold pieces
 10421 | D:9      | Bought a scroll of holy word for 112 gold pieces
 10421 | D:9      | Bought a scroll of identify for 30 gold pieces
 10421 | D:9      | Bought a scroll of identify for 30 gold pieces
 10421 | D:9      | Bought a scroll of identify for 30 gold pieces
 10478 | D:9      | Reached skill level 8 in Stealth
 10606 | D:9      | Found a sacrificial altar of Ru.
 10639 | D:9      | Found a transporter.
 10682 | D:9      | Reached skill level 9 in Stealth
 10810 | D:9      | Noticed thiole's ghost (novice OpWz)
 10813 | D:9      | Found a transporter.
 11589 | D:8      | Killed a two-headed ogre
 11590 | D:8      | Reached skill level 10 in Stealth
 11590 | D:8      | Reached skill level 5 in Dodging
 11960 | D:10     | Entered Level 10 of the Dungeon
 12045 | D:9      | Gained mutation: You are frail. (-10% HP) [potion of
                  | mutation]
 12045 | D:9      | Gained mutation: You are partially covered in iridescent
                  | scales. (AC +2) [potion of mutation]
 12847 | D:10     | Reached XP level 11. HP: 29/64 MP: 5/20
 12851 | D:10     | Reached skill level 5 in Air Magic
 13066 | D:10     | Reached skill level 1 in Short Blades
 13066 | D:10     | Identified the +1 robe "Qiuke" {Will- Dex-4 Slay+5 Stlth+}
 13531 | D:10     | Found a staircase to the Lair.
 13642 | D:11     | Noticed a boulder beetle
 13643 | D:11     | Found a flagged portal.
 13652 | Bailey   | Entered a bailey
 14522 | Bailey   | Noticed an orc knight
 14527 | Bailey   | Killed an orc knight
 14530 | Bailey   | Reached skill level 5 in Short Blades
 14700 | Bailey   | Got a polished hand axe
 14701 | Bailey   | Identified the +5 hand axe of Income {vorpal, rF++ MP+9}
                  | (You found it in a bailey)
 14863 | D:11     | Noticed a red ugly thing
 14875 | D:11     | Killed a red ugly thing
 15023 | D:11     | Mangled by a boulder beetle

Illustrated notes

Levels and vault maps discovered:
D:1:      minmay_arrival_four_circles, layout_basic
D:2:      layout_rooms, yredelemnul_altar_generic, serial_corexii_hall,
          chequers_hall_statues_wall_a, corexii_hall_statues_i,
          corexii_hall_statues_x
D:3:      layout_basic, marbit_many_paths, chequers_ecumenical_altar_simple,
          uniq_purgy
D:4:      layout_loops_ring, kennysheep_little_box, serial_shops,
          shop_fountains, gup_sewer_entry_glass, minmay_pentangle,
          uniq_blork_the_orc
D:5:      layout_basic, lemuel_coloured_pillars_altar, temple_fountains,
          fedhas_altar_1, uniq_sigmund, uniq_menkaure
D:6:      hangedman_cross_stitches, layout_gridville, grunt_decor_one_mirror,
          minmay_misc_feat_nine_boxes
D:7:      layout_loops_corners, kennysheep_mini, general_overflow_altar,
          serial_shops, kennysheep_mini_moat, minmay_misc_feat_doors
D:8:      layout_loops_corners, grunt_gozag_statues, basic_altar, serial_shops,
          nicolae_shop_overgrown_old_shop, minmay_fractal_squares_diagonal_5
D:9:      layout_basic, gammafunk_ghost_arena, special_room [special_room_orc],
          serial_shops, shop, minivault_21, hangedman_ru_absence
D:10:     layout_rooms, grunt_lair_entry_orc_guard_hut, nooodl_orcs_dogs
D:11:     layout_loops_cross, enter_bailey_2
Temple:   eino_narrow_crystal_temple

Skill      XL: |  1  2  3  4  5  6  7  8  9 10 11 |
---------------+----------------------------------+-----
Conjurations   | 2 3 |  3.0
Dodging        | 4 8 |  8.0
Spellcasting   | 4 5 6 |  6.5
Stealth        | 4 5 6 7 10 | 10.0
Summonings     | 3 4 |  4.0
Hexes          | 3 |  3.0
Shields        | 2 4 |  4.0
Fighting       | 3 6 |  6.0
Poison Magic   | 3 |  3.0
Air Magic      | 3 4 5 |  5.0
Earth Magic    | 1 4 |  4.0
Short Blades   | 5 |  5.2
Translocations | |  1.0

Action                   |  1- 3 |  4- 6 |  7- 9 | 10-12 || total
-------------------------+-------+-------+-------+-------++-------
Melee: Dagger            |    32 |    54 |   247 |   269 ||   602
       Constrict         |    12 |    10 |    53 |    41 ||   116
       Tentacles         |     4 |    11 |    52 |    67 ||   134
       Staff             |       |       |    15 |       ||    15
       Hand axe          |       |       |       |    30 ||    30
 Cast: Magic Dart        |    77 |    50 |   176 |    86 ||   389
       Call Imp          |       |    13 |    35 |    35 ||    83
       Mephitic Cloud    |       |       |    16 |    51 ||    67
       Slow              |       |       |       |     1 ||     1
Invok: Potion Petition   |       |       |       |     3 ||     3
Evoke: Wand              |       |       |       |    10 ||    10
  Use: Scroll            |     6 |     3 |     6 |    15 ||    30
       Potion            |       |       |     1 |     3 ||     4
 Stab: Sleeping          |       |     2 |     8 |     4 ||    14
       Distracted        |       |       |     2 |     2 ||     4
       Confused          |       |       |     6 |     7 ||    13
Armor: Skin              |     4 |    12 |    18 |    19 ||    53
Dodge: Dodged            |    35 |    41 |   181 |   150 ||   407
Block: Buckler           |       |       |    78 |    80 ||   158
